 Dungeon Crawl Stone Soup version 0.20-a0-1074-g6a0a8e1 (webtiles) character file.

751 kuniqs the Chopper (level 7, -1/61 HPs)
             Began as a Hill Orc Fighter on Apr 29, 2017.
             Was an Initiate of Beogh.
             Slain by a black bear (8 damage)
             ... on level 5 of the Dungeon.
             The game lasted 00:04:15 (2849 turns).

kuniqs the Chopper (Hill Orc Fighter)               Turns: 2849, Time: 00:04:16

Health: -1/61      AC: 11    Str: 19    XL:     7   Next: 78%
Magic:  17/17      EV:  9    Int:  5    God:    Beogh [......]
Gold:   69         SH: 10    Dex: 12    Spells: 6/6 levels left

rFire    . . .     SeeInvis .   a - +0 war axe
rCold    . . .     Gourm    .   c - +0 shield
rNeg     . . .     Faith    .   b - +0 scale mail
rPois    .         Spirit   .   (no helmet)
rElec    .         Reflect  .   n - +2 cloak
rCorr    .         Harm     .   I - +0 pair of gloves
MR       .....                  (no boots)
Stlth    ..........             A - amulet of regeneration
Regen    0.6/turn               u - ring of magical power
MPRegen  0.2/turn               D - -3 ring of intelligence (curse)

@: lethally poisoned (-1 -> -3)
A: no striking features
a: Renounce Religion


You were on level 5 of the Dungeon.
You worshipped Beogh.
Beogh was noncommittal.
You were not hungry.

You visited 1 branch of the dungeon, and saw 5 of its levels.

You collected 200 gold pieces.
You spent 131 gold pieces at shops.

Inventory:

Hand Weapons
 a - a +0 war axe (weapon)
Armour
 b - a +0 scale mail (worn)
 c - a +0 shield (worn)
 n - a +2 cloak (worn)
 I - a +0 pair of gloves (worn)
Jewellery
 u - a ring of magical power (left hand)
 A - an amulet of regeneration (around neck)
 D - a cursed -3 ring of intelligence (right hand)
Wands
 g - a wand of polymorph (17/24)
 y - a wand of lightning (5/15)
 H - a wand of digging (0/24)
Scrolls
 i - 6 scrolls of teleportation
 k - 2 scrolls of noise {unknown}
 l - 2 scrolls of remove curse {unknown}
 m - a scroll of enchant weapon {unknown}
 o - 2 scrolls of amnesia {unknown}
 v - a scroll of blinking {unknown}
 x - 3 scrolls of identify {@r1}
 z - a scroll of recharging {unknown}
 E - a scroll of enchant armour {unknown}
 F - a scroll of fear
 G - a scroll of magic mapping
Potions
 j - 3 potions of curing {unknown}
 p - a potion of ambrosia {unknown}
 q - a potion of lignification {unknown}
 r - a potion of flight {unknown}
 s - 4 potions of might
 t - a potion of degeneration {unknown}
 w - a potion of invisibility {unknown}
 C - a potion of resistance
Comestibles
 d - 4 bread rations
 e - 2 meat rations
 f - 2 fruits
 h - 2 royal jellies


   Skills:
 + Level 5.5 Fighting
 + Level 5.5 Axes
 + Level 5.2 Armour
 + Level 2.6 Dodging
 + Level 5.2 Shields
 + Level 2.0 Invocations


You had 6 spell levels left.
You didn't know any spells.

Dungeon Overview and Level Annotations

Branches:
Dungeon (5/15)
 Temple: D:4-7

Altars:
Gozag
Kikubaaqudgha

Shops:
D:4 ?


Message History

The black bear claws you but does no damage.
The black bear claws you.
* * * LOW HITPOINT WARNING * * *
You are too injured to fight recklessly!
You are too injured to fight recklessly!
You are too injured to fight recklessly!
You are too injured to fight recklessly!
You hit the black bear. You hit the scorpion but do no damage.
The black bear bites you!
* * * LOW HITPOINT WARNING * * *
The black bear completely misses you. The black bear closely misses you.
The scorpion stings you but does no damage.
You block the black bear's attack. The black bear misses you.
You block the black bear's attack. The scorpion stings you.
* * * LOW HITPOINT WARNING * * *
You are poisoned.
The scorpion poisons you!
You hit the black bear. You completely miss the scorpion.
You feel sick. The black bear bites you!
You die...

#.. .. #.. ### ?>..
#. #.# ...##
....... #.# .....
..#.#. #.#(...#
...... #.#....##
#.#.#.####h#......
..!....##.@s......
.#.#.#..<.........#
.........).........
.....#.......###...
........#.........#
...#.#..)...###....
..................
#.#.#......#......
....)...#.....### #


You could see a black bear (berserk) and a scorpion.

Vanquished Creatures
  An ogre (D:4)
  A bullfrog (D:5)
  2 scorpions (D:4)
  A jelly (D:5)
  A centaur skeleton (D:5)
  A hound (D:5)
  An iguana (D:4)
  Natasha (thrice) (D:4)
  Terence (D:3)
  2 orc wizards (D:4)
  3 worker ants
  A hound skeleton (D:4)
  7 adders
  A shadow imp (D:4)
  3 worms
  4 dart slugs
  6 orcs
  2 ball pythons
  7 bats
  6 giant cockroaches
  2 goblins
  10 hobgoblins
  6 kobolds
  A quokka (D:4)
  11 frilled lizards
  6 rats
90 creatures vanquished.

Vanquished Creatures (others)
  2 orcs (D:5)
2 creatures vanquished.

Grand Total: 92 creatures vanquished

Notes
Turn   | Place    | Note
-------+----------+-------------------------------------------
     0 | D:1      | kuniqs the Hill Orc Fighter began the quest for the Orb.
     0 | D:1      | Reached XP level 1. HP: 19/19 MP: 1/1
    72 | D:1      | Reached XP level 2. HP: 23/27 MP: 2/2
   383 | D:1      | Reached XP level 3. HP: 33/33 MP: 3/3
   956 | D:2      | Reached skill level 1 in Dodging
   961 | D:2      | Found an opulent altar of Gozag.
   990 | D:2      | Reached XP level 4. HP: 32/40 MP: 4/4
  1437 | D:3      | Noticed Terence
  1444 | D:3      | Killed Terence
  1444 | D:3      | Reached XP level 5. HP: 46/46 MP: 5/5
  1937 | D:3      | Found an ancient bone altar of Kikubaaqudgha.
  2074 | D:4      | Noticed Natasha
  2079 | D:4      | Killed Natasha
  2129 | D:4      | Reached XP level 6. HP: 50/53 MP: 6/6
  2343 | D:4      | Found Umeifar's Magic Scroll Shoppe.
  2351 | D:4      | Bought a scroll of teleportation for 33 gold pieces
  2351 | D:4      | Bought a scroll of identify for 22 gold pieces
  2351 | D:4      | Bought a scroll of fear for 38 gold pieces
  2351 | D:4      | Bought a scroll of magic mapping for 38 gold pieces
  2368 | D:4      | Reached skill level 5 in Fighting
  2483 | D:4      | Reached skill level 5 in Axes
  2483 | D:4      | Reached XP level 7. HP: 61/61 MP: 7/7
  2543 | D:4      | Noticed a yak
  2576 | D:4      | Noticed Natasha
  2584 | D:4      | Killed Natasha
  2598 | D:4      | Noticed Natasha
  2604 | D:4      | Killed Natasha
  2604 | D:4      | Reached skill level 5 in Shields
  2770 | D:4      | Reached skill level 5 in Armour
  2781 | D:5      | Entered Level 5 of the Dungeon
  2782 | D:5      | Became a worshipper of Beogh the Brigand
  2798 | D:5      | Reached skill level 1 in Invocations
  2809 | D:5      | Noticed a soldier ant
  2849 | D:5      | Slain by a black bear

Vault maps used:
D:1:      lightli_arrival_windingriver
D:2:      nicolae_gozag_cash_rules_everything_around_me, first_bread
D:3:      marbit_many_paths, uniq_terence
D:4:      serial_shops, shop, lightli_corner_chamber, uniq_natasha
D:5:      lemuel_blue_sif_altar, hangedman_decor_riveting,
          minmay_guarded_unrand_staff_of_olgreb

Skill      XL: |  1  2  3  4  5  6  7 |
---------------+----------------------+-----
Axes           | 3 4 5 |  5.5
Shields        | 4 5 |  5.2
Dodging        | 1 2 |  2.6
Fighting       | 4 5 |  5.5
Armour         | 4 5 |  5.2
Invocations    | 2 |  2.0

Action                   |  1- 3 |  4- 6 |  7- 9 || total
-------------------------+-------+-------+-------++-------
Melee: War axe           |    97 |   124 |    53 ||   274
Invok: Convert to Beogh  |       |       |     1 ||     1
  Eat: Chunk             |       |     5 |     2 ||     7
Armor: Scale mail        |    49 |    57 |    44 ||   150
Dodge: Dodged            |    33 |    37 |    39 ||   109
Block: Shield            |    43 |    51 |    53 ||   147
